 Dungeon Crawl Stone Soup version 0.32-a0-699-g1ee5eff69a (webtiles) character file.

Game seed: 10143384586317404675

620 BeKind the Chiller (level 7, -6/41 HPs)
             Began as an Octopode Ice Elementalist on Mar 13, 2024.
             Mangled by Blork the orc
             ... wielding a +2 glaive of protection
              (11 damage)
             ... on level 5 of the Dungeon.
             The game lasted 00:05:56 (4836 turns).

BeKind the Chiller (Octopode Ice Elementalist)      Turns: 4836, Time: 00:05:56

Health: -6/41      AC:  1    Str:  7    XL:     7   Next: 46%
Magic:  4/13       EV: 18    Int: 19    God:
Gold:   207        SH:  0    Dex: 13    Spells: 7/14 levels left

rFire   + . .        q - +0 dagger (speed)
rCold   . . .        (no shield)
rNeg    . . .        (helmet restricted)
rPois   .            (no amulet)
rElec   .            k - ring of protection from fire
rCorr   .            r - +5 ring of evasion
SInv    .            (no ring)
Will    .....        (no ring)
Stlth   +++          (no ring)
HPRegen 0.26/turn    (no ring)
MPRegen 0.13/turn    (no ring)
                     (no ring)

%: no passive effects
@: freezing walls
A: almost no armour, amphibious, 8 rings, camouflage 1, gelatinous body 1,
(nimble swimmer 1), tentacles
a: no special abilities


You were on level 5 of the Dungeon.
You visited 1 branch of the dungeon, and saw 5 of its levels.

You collected 207 gold pieces.

Inventory:

Hand Weapons
 j - a +0 dagger
 l - a +2 short sword of venom
 q - a +0 dagger of speed (weapon)
Jewellery
 k - a ring of protection from fire (left tentacle)
 r - a +5 ring of evasion (right tentacle)
 v - a ring of fire
Wands
 o - a wand of charming (15)
 p - a wand of polymorph (8)
 s - a wand of mindburst (21)
Scrolls
 e - a scroll of poison
 g - 2 scrolls of enchant armour {unknown}
 h - 3 scrolls of identify {unknown}
 n - a scroll of revelation {unknown}
 t - a scroll of teleportation {unknown}
 u - a scroll of butterflies {unknown}
 w - a scroll of enchant weapon {unknown}
Potions
 a - a potion of magic
 b - 2 potions of berserk rage {unknown}
 c - 2 potions of heal wounds {unknown}
 d - a potion of mutation {unknown}
 f - a potion of curing {unknown}
 i - a potion of degeneration {unknown}
 m - a potion of might {unknown}


   Skills:
 + Level 4.3 Dodging
 - Level 3.0 Stealth
 + Level 4.0 Spellcasting
 * Level 3.4 Summonings
 + Level 5.6 Ice Magic


You had 7 spell levels left.
You knew the following spells:

 Your Spells              Type           Power      Damage    Failure   Level
a - Freeze                Ice            100%       1d10      1%          1
b - Frozen Ramparts       Ice            50%        1d8       4%          3
c - Summon Ice Beast      Ice/Summ       21%        N/A       6%          3

Your spell library contained the following spells:

 Spells                   Type           Power      Damage    Failure   Level
 Summon Small Mammal      Summ           64%        N/A       3%          1
 Ozocubu's Armour         Ice            25%        N/A       4%          3
 Apportation              Tloc           6%         N/A       14%         1
 Necrotise                Necr           12%        1d4       14%         1
 Slow                     Hex            12%        N/A       14%         1
 Sting                    Conj/Alch      12%        1d3       14%         1
 Confusing Touch          Hex            3%         N/A       38%         3
 Vampiric Draining        Necr           3%         2d6       38%         3


Dungeon Overview and Level Annotations

Branches:
Dungeon (5/15)
 Temple: D:4-7

Altars:
Dithmenos
Trog
Wu Jian
The Shining One

Shops:
D:3 !

Annotations:
D:5 Blork the orc


Innate Abilities, Weirdness & Mutations

You cannot wear most types of armour.
You are amphibious.
You can wear up to eight rings at the same time.
Your skin changes colour to match your surroundings (Stealth+).
Your rubbery body absorbs attacks. (AC +1, EV +1)
((You are camouflaged when in or above water. (Stealth+)))
You have tentacles for arms and can constrict up to eight enemies at once.


Message History

The puff of flame misses you.
There is an open door here.
Casting: Freeze (safe; 1% risk of failure)
Confirm with . or Enter, or press ? or * to list all spells.
A chill wind blows around you.
Blork the orc casts a cantrip, but nothing happens.
Blork the orc points at you and mumbles some strange words.
The magic dart hits you!
Your ice beast closely misses Blork the orc.
Blork the orc casts a spell.
Blork the orc seems to speed up.
Your ice beast completely misses Blork the orc.
Blork the orc hits your ice beast with a +2 glaive of protection!!
Your ice beast misses Blork the orc.
Blork the orc hits your ice beast with a +2 glaive of protection!!
Your ice beast dies!
Your ice beast disappears in a puff of smoke!
Blork the orc casts a cantrip, but nothing happens.
Casting: Summon Ice Beast (dangerous; 6% risk of failure)
Confirm with . or Enter, or press ? or * to list all spells.
A chill wind blows around you. Blork the orc casts a spell at you.
The puff of frost misses you.
You swap places.
Blork the orc frowns.
Your ice beast hits Blork the orc but does no damage.
Casting: Summon Ice Beast (dangerous; 6% risk of failure)
Confirm with . or Enter, or press ? or * to list all spells.
Casting: Frozen Ramparts (dangerous; 4% risk of failure)
Press: ? - help, Dir - look around, f - activate The walls around you are covered in ice.
The wall freezes Blork the orc but does no damage.
Blork the orc hits you from afar with a +2 glaive of protection!
Your ice beast closely misses Blork the orc.
The wall freezes Blork the orc.
Blork the orc hits you from afar with a +2 glaive of protection!
* * * LOW HITPOINT WARNING * * *
The wall freezes Blork the orc.
Blork the orc hits you from afar with a +2 glaive of protection!
You die...

.....# ..# +..o##.#
#+#...#.#
##.##.ß'.#
##...##.#.#
#.....###.#
#..#.#..##o# #..
#.##..#Y# ...
#.###..@#
#######.########
##..............#
..#####§..####.#
#.# ##§§..§###.#
#.###§.....§##.# #
#..#.§§....§§#.#
#.##....§.........#
.#.#..§§..._......#


You could see Blork the orc (fast, ally target) and a friendly ice beast
(summoned).

Vanquished Creatures
  An orc warrior (D:5)
  A scorpion (D:4)
  A howler monkey (D:5)
  A jelly (D:4)
  2 orc priests
  Crazy Yiuf (D:3)
  Ijyb (D:3)
  2 iguanas (D:4)
  2 gnolls (D:3)
  5 adders
  3 dart slugs
  A ribbon worm (D:2)
  13 orcs
  8 ball pythons
  6 bats (D:1)
  9 endoplasms
  4 giant cockroaches
  5 goblins
  9 hobgoblins
  6 jackals (D:1)
  4 kobolds
  3 quokkas (D:1)
  2 frilled lizards
  7 rats
97 creatures vanquished.

Vanquished Creatures (collateral kills)
  An orc wizard (D:3)
  2 gnolls (D:3)
  3 orcs
  A giant cockroach (D:3)
  A goblin (D:3)
8 creatures vanquished.

Vanquished Creatures (others)
  An orc (D:5)
1 creature vanquished.

Grand Total: 106 creatures vanquished

Notes
Turn   | Place    | Note
-------+----------+-------------------------------------------
     0 | D:1      | BeKind the Octopode Ice Elementalist began the quest for
                  | the Orb.
     0 | D:1      | Reached XP level 1. HP: 11/11 MP: 3/3
    96 | D:1      | Reached XP level 2. HP: 11/17 MP: 0/5
   567 | D:1      | Reached XP level 3. HP: 18/21 MP: 2/6
  1548 | D:2      | Learned a level 3 spell: Frozen Ramparts
  1552 | D:2      | Learned a level 3 spell: Summon Ice Beast
  1689 | D:2      | Reached XP level 4. HP: 19/27 MP: 7/7
  1745 | D:2      | Found a faded altar of an unknown god.
  2066 | D:3      | Noticed Ijyb
  2074 | D:3      | Killed Ijyb
  2214 | D:3      | Found Titoxoi's Distillery.
  2342 | D:3      | Reached XP level 5. HP: 26/31 MP: 2/9
  2540 | D:4      | Reached skill level 5 in Ice Magic
  2622 | D:4      | Reached skill level 1 in Summonings
  2622 | D:4      | Reached XP level 6. HP: 36/36 MP: 5/11
  3168 | D:4      | Found a bloodstained altar of Trog.
  3844 | D:3      | Found an ornate altar of the Wu Jian Council.
  4041 | D:3      | Found a glowing golden altar of the Shining One.
  4307 | D:3      | Found a runed translucent door.
  4308 | D:3      | Noticed Crazy Yiuf
  4475 | D:3      | Killed Crazy Yiuf
  4476 | D:3      | Reached XP level 7. HP: 41/41 MP: 6/12
  4607 | D:5      | Entered Level 5 of the Dungeon
  4620 | D:5      | Found a shadowy altar of Dithmenos.
  4818 | D:5      | Noticed Blork the orc
  4836 | D:5      | Mangled by Blork the orc

Illustrated notes

Levels and vault maps discovered:
D:1:      elethiomel_arrival_infinity_welcomes_careful_drivers, layout_basic
D:2:      layout_basic, chequers_ecumenical_altar_lobes
D:3:      layout_loops_cross, mainiacjoe_overflow_small_starburst,
          nzn_wu_jian_contemplation, serial_shops, shop,
          uniq_crazy_yiuf_cottage, uniq_ijyb
D:4:      layout_loops_corners, mainiacjoe_overflow_surrounded_room,
          minmay_misc_feat_alley, minmay_bent
D:5:      wad_pebble_path, layout_loops_ring, nicolae_dithmenos_the_darkroom,
          mainiacjoe_overflow_concentric_impassable,
          chequers_temple_overflow_statue_of_worship, serial_aquarium,
          aquarium_bridge_square [aquarium_subvault_bridge,
          aquarium_subvault_bridge, aquarium_subvault_wall,
          aquarium_subvault_bridge], aquarium_bridge_square
          [aquarium_subvault_wall, aquarium_subvault_wall,
          aquarium_subvault_window, aquarium_subvault_bridge],
          aquarium_window_2, aquarium_window_corridor_2, aquarium_view_2f,
          aquarium_balcony_3a, grunt_decor_arrowhead, uniq_blork_the_orc

Skill      XL: |  1  2  3  4  5  6  7 |
---------------+----------------------+-----
Stealth        | 3 |  3.0
Dodging        | 3 4 |  4.3
Spellcasting   | 3 4 |  4.0
Ice Magic      | 5 |  5.6
Summonings     | 1 2 3 |  3.4

Action                     |  1- 3 |  4- 6 |  7- 9 || total
---------------------------+-------+-------+-------++-------
  Melee: Unarmed           |    25 |       |       ||    25
         Tentacles         |     8 |    21 |     5 ||    34
         Constrict         |    10 |    28 |     3 ||    41
         Dagger            |    10 |    66 |     8 ||    84
         Short sword       |       |    18 |       ||    18
   Cast: Freeze            |    39 |    10 |     6 ||    55
         Summon Ice Beast  |     1 |     7 |     4 ||    12
         Frozen Ramparts   |       |     8 |     3 ||    11
    Use: Scroll            |     1 |       |       ||     1
   Stab: Sleeping          |     4 |    12 |       ||    16
         Distracted        |       |     1 |       ||     1
 Armour: Skin              |    44 |    30 |     7 ||    81
  Dodge: Dodged            |    47 |    42 |    15 ||   104

Table legend: (Time is in decaauts)
 A = Elapsed time spent in this place.
 B = Non-inter-level travel time spent in this place.
 C = Inter-level travel time spent in this place.
 D = Time resting spent in this place.
 E = Time spent auto-exploring this place.
 F = Levels seen in this place.
 G = Mean time per level.
                   A        B        C        D        E       F      G
               +--------+--------+--------+--------+--------+-----+--------+
         Total |   4808 |   4529 |    279 |    300 |   3550 |   5 |  961.6 |
       Dungeon |   4808 |   4529 |    279 |    300 |   3550 |   5 |  961.6 |
               +--------+--------+--------+--------+--------+-----+--------+

Top non-repeatable levels by time:
     D:1: 1512 daAuts
     D:4: 1472 daAuts
     D:3: 1100 daAuts
     D:2: 546 daAuts
     D:5: 176 daAuts
